 Dungeon Crawl Stone Soup version 0.29.0-4-gdea44cf6ec (webtiles) character file.

Game seed: 5960996201078537522

10874 Arum the Fighter (level 12, -24/108 HPs)
             Began as a Formicid Fighter on Aug 27, 2022.
             Was a Priest of Ashenzari.
             Annihilated by a very large slime creature (72 damage)
             ... on level 12 of the Dungeon.
             The game lasted 00:23:39 (11990 turns).

Arum the Fighter (Formicid Fighter)                Turns: 11990, Time: 00:23:40

Health: -24/108    AC: 20    Str: 26    XL:     12   Next: 0%
Magic:  12/12      EV: 11    Int:  8    God:    Ashenzari [***...]
Gold:   693        SH: 11    Dex: 13    Spells: 11/11 levels left

rFire   . . .      SeeInvis +   x - +2 quarterstaff (chaos)
rCold   . . .      Faith    .   f - +0 buckler "Astrological Yoke" {Rampage Fly rPois rCorr, Bglg, Melee} (curse)
rNeg    . . .      Spirit   .   b - +1 scale mail of the Tethered Moon {Self, Bglg} (curse)
rPois   +          Reflect  +   (helmet unavailable)
rElec   .          Harm     .   y - +2 cloak "Gnosis of Ashenzari" {Self, Fort} (curse)
rCorr   +          Rampage  +   E - +0 pair of gloves
Will    ++...      Clarity  +   N - +0 pair of boots "Lashed Together" {Self, Range} (curse)
Stlth   ..........              H - amulet of reflection
HPRegen 0.28/turn               J - ring of willpower
MPRegen 0.13/turn               t - +4 ring of protection

@: flying
A: permanent stasis, dig shafts and tunnels, antennae 3, four strong arms
a: Dig, Shaft Self, Renounce Religion, Shatter the Chains


You were on level 12 of the Dungeon.
You worshipped Ashenzari.
Ashenzari was most pleased with you.
You visited 1 branch of the dungeon, and saw 12 of its levels.

You collected 765 gold pieces.
You spent 72 gold pieces at shops.

Inventory:

Hand Weapons
 a - a +0 quarterstaff
 x - a +2 quarterstaff of chaos (weapon)
 B - the +4 dagger "Sadebie" {flame, rCorr}
   (You found it on level 8 of the Dungeon)

   It burns those it strikes, dealing additional fire damage.
   rCorr:     It protects you from acid and corrosion.
 L - the +5 great sword of Drought {spect, MP+9 Int+4 Stlth+}
   (You found it on level 10 of the Dungeon)

   When its wielder attacks, the weapon's spirit leaps out and strikes again.
   The spirit shares a part of any damage it takes with its wielder.
   Int:       It affects your intelligence (+4).
   MP:        It affects your magic capacity (+9).
   Stlth:     It makes you more stealthy.
Missiles
 k - 5 boomerangs of dispersal
 F - a throwing net
 K - 3 javelins
Armour
 b - the cursed +1 scale mail of the Tethered Moon (worn) {Self, Bglg}

   It has a curse which improves the following skills: Introspection: Fighting
   and Spellcasting.
   Beguiling: Conjurations, Hexes and Translocations.
 f - the cursed +0 buckler "Astrological Yoke" (worn) {Rampage Fly rPois rCorr, Bglg, Melee}
   (You acquired it on level 2 of the Dungeon)

   rPois:     It protects you from poison.
   Fly:       It grants you flight.
   rCorr:     It protects you from acid and corrosion.
   Rampage:   It bestows one free step when moving towards enemies.
   It has a curse which improves the following skills: Beguiling: Conjurations,
   Hexes and Translocations.
   Melee Combat: Short Blades, Long Blades, Axes, Maces & Flails, Polearms,
   Staves and Unarmed Combat.
 y - the cursed +2 cloak "Gnosis of Ashenzari" (worn) {Self, Fort}
   (You took it off Crazy Yiuf on level 7 of the Dungeon)

   It has a curse which improves the following skills: Introspection: Fighting
   and Spellcasting.
   Fortitude: Armour and Shields.
 E - a +0 pair of gloves (worn)
 N - the cursed +0 pair of boots "Lashed Together" (worn) {Self, Range}
   (You bought it in a shop on level 11 of the Dungeon)

   It has a curse which improves the following skills: Introspection: Fighting
   and Spellcasting.
   Ranged Combat: Ranged Weapons and Throwing.
Jewellery
 e - a ring of fire
 t - a +4 ring of protection (right hand)
 H - an amulet of reflection (around neck)
 J - a ring of willpower (left hand)
Wands
 l - a wand of mindburst (18)
 r - a wand of charming (10)
 w - a wand of roots (20)
 z - a wand of flame (19)
Scrolls
 c - 4 scrolls of amnesia
 q - 2 scrolls of poison
 s - 4 scrolls of immolation
 u - a scroll of butterflies
 v - 5 scrolls of identify
 D - 2 scrolls of enchant armour
 G - a scroll of brand weapon
 I - a scroll of enchant weapon
 M - a scroll of fear
Potions
 d - a potion of might
 g - 4 potions of flight
 i - a potion of ambrosia
 j - 7 potions of curing
 n - 3 potions of lignification
 o - a potion of invisibility
 p - 6 potions of brilliance
 A - 2 potions of mutation
 C - 3 potions of resistance


   Skills:
 + Level 11.7(14.9) Fighting
 * Level 4.8(6.4) Long Blades
 - Level 9.9(11.5) Staves
 - Level 9.7(11.3) Armour
 + Level 2.9 Dodging
 - Level 8.0(9.6) Shields


You had 11 spell levels left.
You didn't know any spells.
Your spell library contained the following spells:

 Spells                   Type           Power      Damage    Failure   Level
 Scorch                   Fire           0%         2d5       82%         2
 Portal Projectile        Hex/Tloc       0%         N/A       94%         3
 Tukima's Dance           Hex            0%         N/A       94%         3
 Conjure Flame            Conj/Fire      0%         6-21      95%         3
 Mephitic Cloud           Conj/Pois/Air  0%         N/A       95%         3
 Ignite Poison            Fire/Tmut/Pois 0%         N/A       96%         3
 Flame Wave               Conj/Fire      0%         2d4       100%        4
 Sticky Flame             Conj/Fire      0%         2d3       100%        4
 Blade Hands              Tmut           0%         N/A       100%        5
 Freezing Cloud           Conj/Ice/Air   0%         6-21      100%        5
 Conjure Ball Lightning   Conj/Air       0%         3x3d6     100%        6
 Summon Cactus Giant      Summ           0%         N/A       100%        6
 Discord                  Hex            0%         N/A       100%        8
 Disjunction              Tloc           0%         N/A       100%        8


Dungeon Overview and Level Annotations

Branches:
Dungeon (12/15)            Temple (0/1) D:6            Lair (0/5) D:10
    Orc: D:9-12

Altars:
Ashenzari
Cheibriados
Elyvilon
Fedhas
Gozag
Hepliaklqana
Kikubaaqudgha
Makhleb
Okawaru
Qazlal
Ru
Sif Muna
Trog
Vehumet
Xom

Shops:
D:5 [   D:11 *


Innate Abilities, Weirdness & Mutations

You cannot be hasted, slowed, berserked, paralysed or teleported.
You can dig through walls and to a lower floor.
You have a pair of large antennae on your head. (SInv)
Your four strong arms can wield two-handed weapons with a shield.


Message History

Okay, then.
A slime creature comes into view.
The slime creature quivers.
You are flying.
Your flying speed is average.
Your attack delay is about 1.4.
Your base attributes are Str 26, Int 8, Dex 13.
You feel your magic capacity decrease.
Your +2 quarterstaff of chaos is briefly surrounded by a scintillating aura of random colours.
x - a +2 quarterstaff of chaos (weapon)
You are flying.
Your flying speed is average.
Your attack delay is about 0.7.
A slime creature comes into view.
The slime creature quivers.
You hit the bush.
The bush is lightly damaged.
A slime creature comes into view.
You hit the bush but do no damage.
The bush is lightly damaged.
The slime creature hits the bush but does no damage.
You bludgeon the bush!!
Nothing appears to happen.
The bush is lightly damaged.
A slime creature comes into view.
The slime creature quivers.
You hit the slime creature. You freeze the slime creature.
The slime creature is lightly wounded.
You block the slime creature's attack.
Two slime creatures merge to form a large slime creature.
You sock the large slime creature!
The large slime creature goes berserk!
The large slime creature is lightly wounded.
Two slime creatures merge to form a very large slime creature.
You sock the very large slime creature! You burn the very large slime creature.
The very large slime creature is lightly wounded.
You block the very large slime creature's attack.
Something hits the bush but does no damage.
The very large slime creature hits you!!!
Ouch! That really hurt!
You are too injured to fight recklessly!
The very large slime creature attacks as you move away!
You block the very large slime creature's attack.
The very large slime creature hits you!!!!
Ouch! That really hurt!
You die... ##### ** * * #...# PPP

P.P.# P...P.PJ#
######### ## , P....JP@#
#.......# ###. ,
......P.###.......###†'.
P.PPPPP...#.......#..†#.
......P.............###.
, PP.PPP.###.......###
#. ,.......# ####.####
## *,


P.PPP.P## #.# * P P...P* #.# ,P.PP *#.# You could see a very large slime
creature (berserk) and a slime creature.

Vanquished Creatures
  Fannar (D:12)
  A hydra (D:11)
  2 two-headed ogres (D:10)
  A deep troll (D:10)
  A manticore (D:6)
  2 cyclopes (D:11)
  3 unseen horrors
  A kobold demonologist (D:10)
  2 hornets (D:8)
  Sigmund (D:6)
  A vampire (D:11)
  2 wraiths
  Eustachio (D:6)
  2 wyverns (D:9)
  13 yaks
  2 acid dragons (D:11)
  2 water moccasins
  An ice beast (D:7)
  2 black bears
  An ogre (D:5)
  2 centaurs
  2 bullfrogs (D:6)
  A scorpion (D:6)
  2 gnoll sergeants
  5 wights (D:6)
  3 howler monkeys
  A lava snake (D:10)
  A human zombie (D:9)
  A gnoll bouda (D:8)
  2 jellies
  2 orc priests
  Crazy Yiuf (D:7)
  5 hounds
  An iguana (D:5)
  8 orc wizards
  Robin (D:2)
  9 gnolls
  11 adders
  2 shadow imps
  A worm (D:3)
  5 dart slugs
  25 orcs
  2 bat zombies (D:11)
  8 endoplasms
  3 giant cockroaches
  13 goblins
  5 hobgoblins
  10 jackals
  5 kobolds
  7 quokkas
  4 ball pythons
  8 bats
  A frilled lizard (D:1)
  9 rats
  A rat zombie (D:11)
  A spectral hobgoblin (D:6)
  A bush (D:8)
  A butterfly (D:7)
212 creatures vanquished.

Vanquished Creatures (others)
  A human (D:9)
  2 orcs
  5 bushes
  2 fungi (D:1)
  6 plants (D:10)
16 creatures vanquished.

Grand Total: 228 creatures vanquished

Notes
Turn   | Place    | Note
-------+----------+-------------------------------------------
     0 | D:1      | Arum the Formicid Fighter began the quest for the Orb.
     0 | D:1      | Reached XP level 1. HP: 18/18 MP: 1/1
    75 | D:1      | Reached XP level 2. HP: 11/24 MP: 2/2
   628 | D:1      | Found a faded altar of an unknown god.
   762 | D:2      | Reached XP level 3. HP: 30/30 MP: 3/3
   943 | D:2      | Found a broken altar of Ashenzari.
   954 | D:2      | Became a worshipper of Ashenzari the Shackled
  1165 | D:2      | Reached skill level 4 in Fighting
  1165 | D:2      | Reached XP level 4. HP: 34/37 MP: 4/4
  1354 | D:2      | Noticed Robin
  1426 | D:2      | Killed Robin
  1427 | D:2      | Reached XP level 5. HP: 11/37 MP: 5/5
  1839 | D:2      | Identified a scroll of acquirement
  1839 | D:2      | Acquired the +0 buckler "Balleof" {Rampage Fly rPois rCorr}
  2529 | D:4      | Reached XP level 6. HP: 49/49 MP: 6/6
  2691 | D:4      | Reached skill level 5 in Armour
  2818 | D:4      | Found a burning altar of Makhleb.
  2824 | D:4      | Reached skill level 5 in Fighting
  2943 | D:4      | Identified the +4 spear of Flawed Execution {pain, *Corrode
                  | Int+3 SInv}
  3363 | D:5      | Entered Level 5 of the Dungeon
  3448 | D:5      | Noticed a water moccasin
  3453 | D:5      | Killed a water moccasin
  3454 | D:5      | Reached XP level 7. HP: 52/56 MP: 7/7
  3798 | D:5      | Found Toff's Armour Shoppe.
  3939 | D:5      | Found a shimmering blue altar of Sif Muna.
  3939 | D:5      | Found a radiant altar of Vehumet.
  3999 | D:5      | Found a bloodstained altar of Trog.
  4602 | D:6      | Noticed Eustachio
  4660 | D:6      | Killed Eustachio
  4661 | D:6      | Reached skill level 6 in Fighting
  4661 | D:6      | Reached skill level 5 in Staves
  4661 | D:6      | Reached XP level 8. HP: 36/64 MP: 8/8
  4880 | D:6      | Noticed Sigmund
  4903 | D:6      | Killed Sigmund
  5028 | D:6      | Found a staircase to the Ecumenical Temple.
  5067 | D:6      | Found a hazy altar of Hepliaklqana.
  5204 | D:6      | Found a white marble altar of Elyvilon.
  5378 | D:6      | Reached skill level 7 in Fighting
  5550 | D:6      | Reached XP level 9. HP: 16/65 MP: 9/9
  5881 | D:6      | Noticed a manticore
  5891 | D:6      | Killed a manticore
  5892 | D:6      | Reached skill level 8 in Fighting
  6018 | D:6      | Found a stormy altar of Qazlal.
  6120 | D:7      | Found a sacrificial altar of Ru.
  6180 | D:7      | Found a shimmering altar of Xom.
  6253 | D:7      | Reached * piety under Ashenzari
  6701 | D:7      | Found an iron altar of Okawaru.
  6952 | D:7      | Found a runed translucent door.
  6953 | D:7      | Noticed Crazy Yiuf
  6962 | D:7      | Killed Crazy Yiuf
  7166 | D:8      | Noticed a hornet
  7172 | D:8      | Killed a hornet
  7366 | D:7      | Reached XP level 10. HP: 58/84 MP: 10/10
  7480 | D:8      | Reached skill level 9 in Fighting
  7764 | D:8      | Identified the +4 dagger "Sadebie" {flame, rCorr}
  7770 | D:8      | Found an opulent altar of Gozag.
  7936 | D:8      | Found a blossoming altar of Fedhas.
  8242 | D:8      | Found a snail-covered altar of Cheibriados.
  8482 | D:9      | Reached ** piety under Ashenzari
  8571 | D:9      | Found an ancient bone altar of Kikubaaqudgha.
  8718 | D:9      | Reached skill level 5 in Shields
  8820 | D:9      | Reached skill level 10 in Fighting
  9204 | D:10     | Entered Level 10 of the Dungeon
  9259 | D:10     | Noticed a deep troll
  9272 | D:10     | Killed a deep troll
  9273 | D:10     | Noticed a kobold demonologist
  9613 | D:10     | Found a staircase to the Lair.
  9631 | D:10     | Noticed a two-headed ogre
  9641 | D:10     | Killed a two-headed ogre
  9642 | D:10     | Reached XP level 11. HP: 81/96 MP: 11/11
  9748 | D:10     | Noticed a sun demon
 10006 | D:10     | Noticed a two-headed ogre
 10021 | D:10     | Killed a two-headed ogre
 10022 | D:10     | Reached skill level 11 in Fighting
 10338 | D:10     | Identified the +5 great sword of Drought {spect, MP+9 Int+4
                  | Stlth+}
 10479 | D:11     | Found an ancient bone altar of Kikubaaqudgha.
 10519 | D:11     | Noticed a five-headed hydra
 10529 | D:11     | Killed a five-headed hydra
 10530 | D:11     | Reached skill level 1 in Long Blades
 10692 | D:11     | Reached skill level 1 in Dodging
 10723 | D:11     | Noticed a cyclops
 10728 | D:11     | Killed a cyclops
 10824 | D:11     | Found Naurev's General Store.
 10855 | D:11     | Bought a +0 pair of boots for 72 gold pieces
 10964 | D:11     | Reached *** piety under Ashenzari
 11121 | D:11     | Noticed a cyclops
 11126 | D:11     | Killed a cyclops
 11460 | D:12     | Noticed Fannar
 11507 | D:12     | Killed Fannar
 11857 | D:12     | Reached XP level 12. HP: 80/108 MP: 12/12
 11990 | D:12     | Annihilated by a very large slime creature

Illustrated notes

Levels and vault maps discovered:
D:1:      mrwooster_arrival_arrow, layout_rooms,
          shapermc_ecumenical_altar_mp_urbaneastern
D:2:      layout_loops_corners, basic_altar, minmay_hexomino_f4, uniq_robin
D:3:      layout_rooms, serial_park_tiny_2
D:4:      layout_loops_cross, makhleb_heckhound_becter, minivault_14
D:5:      layout_loops_ring, trog_book, gammafunk_temple_overflow_statue,
          serial_shops, nicolae_shop_competitors_out_of_business,
          grunt_ministairs_5
D:6:      layout_basic, nicolae_hepliaklqana_monster_ancestors,
          kennysheep_little_box, elyvilon_altar_1, minmay_temple_entry_fiery,
          minmay_misc_feat_four_crosses, uniq_sigmund, uniq_eustachio
D:7:      layout_basic, mainiacjoe_overflow_catwalk,
          mainiacjoe_overflow_brackets, xom_butterflies, uniq_crazy_yiuf_cottage
D:8:      layout_cave_pools, kennysheep_slug_shrine,
          mainiacjoe_overflow_chevrons, fedhas_bush_and_centaur_altar
D:9:      layout_basic, tgw_kikubaaqudgha
D:10:     layout_basic, dpeg_oklobed_lair, kennysheep_decorative_pillar,
          kennysheep_island_fort
D:11:     layout_basic, serial_shops, nicolae_lakefront_shop,
          lemuel_zombie_altar_kikubaaqudgha
D:12:     layout_roguey, kennysheep_orc_monster_closet_entryway,
          minmay_hedge_maze, uniq_fannar

Skill      XL: |  1  2  3  4  5  6  7  8  9 10 11 |
---------------+----------------------------------+-----
Fighting       | 4 5 6 7 8 10 11 | 11.7
Armour         | 4 5 6 7 8 9 |  9.7
Staves         | 3 4 5 6 7 9 |  9.9
Shields        | 6 8 |  8.0
Long Blades    | 4 |  4.8
Dodging        | 2 |  2.9

Action                   |  1- 3 |  4- 6 |  7- 9 | 10-12 || total
-------------------------+-------+-------+-------+-------++-------
Melee: Quarterstaff      |    67 |   217 |   242 |   328 ||   854
       Great sword       |       |       |       |     5 ||     5
Invok: Curse Item        |       |     1 |     1 |     2 ||     4
 Abil: Dig               |       |     4 |     2 |     2 ||     8
Evoke: Wand              |       |       |     8 |    21 ||    29
  Use: Scroll            |     2 |     8 |     5 |     3 ||    18
       Potion            |       |     1 |     2 |     3 ||     6
 Stab: Paralysed         |       |       |     1 |     2 ||     3
Armor: Scale mail        |    35 |   122 |    80 |   122 ||   359
Dodge: Dodged            |    24 |   108 |    87 |   116 ||   335
Block: Buckler           |     8 |    62 |    35 |    96 ||   201
       Reflection        |       |       |       |     1 ||     1
